 Dungeon Crawl Stone Soup version 0.27-a0-965-gbf8bb431c4 (webtiles) character file.

Game seed: 13945322149760319978

26 robertstho the Skirmisher (level 3, -9/39 HPs)
             Began as an Octopode Berserker on Apr 12, 2021.
             Was a Follower of Trog.
             Mangled by a gnoll
             ... wielding a +0 whip
              (10 damage)
             ... on level 2 of the Dungeon.
             The game lasted 00:01:01 (1095 turns).

robertstho the Skirmisher (Octopode Berserker)      Turns: 1095, Time: 00:01:02

Health: -9/39      AC:  1    Str: 16    XL:     3   Next: 8%
Magic:  3/3        EV: 13    Int:  9    God:    Trog [*.....]
Gold:   6          SH:  0    Dex: 12    Spells: 2/2 levels left

rFire    . . .     SeeInvis .   a - +0 short sword
rCold    . . .     Faith    .   (no shield)
rNeg     . . .     Spirit   .   (helmet restricted)
rPois    .         Reflect  .   (no amulet)
rElec    .         Harm     .   (no ring)
rCorr    .         Rampage  .   (no ring)
Will     .....                  (no ring)
Stlth    ..........             (no ring)
HPRegen  0.13/turn              (no ring)
MPRegen  0.08/turn              (no ring)
                                (no ring)
                                (no ring)

@: berserking, very quick
A: almost no armour, amphibious, 8 rings, camouflage 1, gelatinous body 1,
(nimble swimmer 1), tentacles
a: Renounce Religion, Berserk


You were on level 2 of the Dungeon.
You worshipped Trog.
Trog was aware of your devotion.
You visited 1 branch of the dungeon, and saw 2 of its levels.

You collected 6 gold pieces.

Inventory:

Hand Weapons
 a - a +0 short sword (weapon)
 f - a +0 long sword
Potions
 c - a potion of brilliance {unknown}
 d - a potion of lignification {unknown}


   Skills:
 * Level 3.5 Fighting
 + Level 3.2 Short Blades
 + Level 3.2 Dodging
 * Level 1.5 Stealth


You had 2 spell levels left.
You didn't know any spells.
Your spell library was empty.

Dungeon Overview and Level Annotations

Branches:
Dungeon (2/15)

Altars:


Innate Abilities, Weirdness & Mutations

You cannot wear most types of armour.
You are amphibious.
You can wear up to eight rings at the same time.
Your skin changes colour to match your surroundings (Stealth+).
Your rubbery body absorbs attacks. (AC +1, EV +1)
((You are camouflaged near water. (Stealth+)))
You have tentacles for arms and can constrict up to eight enemies at once.


Message History

You see here a hobgoblin corpse.
You closely miss the goblin. You grab the goblin. You constrict the goblin.
The goblin hits you with a +0 dagger.
A jackal comes into view.
The jackal barks!
You hit the goblin but do no damage.
The goblin is moderately wounded.
You constrict the goblin.
You hear a bark!
The goblin hits you with a +0 dagger. The goblin misses you.
A jackal comes into view.
You barely miss the goblin.
The goblin is severely wounded.
You constrict the goblin.
You kill the goblin!
Trog accepts your kill. The gnoll hits you with a +0 flail.
The goblin hits you with a +0 dagger.
You see here a +0 dagger.
The gnoll hits you with a +0 whip.
* * * LOW HITPOINT WARNING * * *
The gnoll hits you from afar with a +0 spear.
* * * LOW HITPOINT WARNING * * *
The gnoll barely misses you.
A jackal comes into view.
The jackal barks! x2
Okay, then.
As you read the scroll labelled YRHEFRISMO, it crumbles to dust.
It is a scroll of identify.
e - a potion of curing The jackal misses you.
You feel better. The gnoll hits you with a +0 whip!
* * * LOW HITPOINT WARNING * * *
The jackal misses you.
A quokka comes into view. x2
Unknown command.
A red film seems to cover your vision as you go berserk!
You feel yourself moving faster!
You feel mighty! The jackal bites you.
* * * LOW HITPOINT WARNING * * *
The gnoll hits you with a +0 whip!
You die...

####...#
#..#.###...
#.)†.....#
#.##.#.###
#.##gg..#
#.g.hh#.#
#g###(.>#
#g###h..#
#.@hhh..#
#####rr.#
... #


You could see a gnoll, 2 quokkas, 4 jackals and a goblin.

Vanquished Creatures
  3 endoplasms (D:1)
  2 giant cockroaches (D:1)
  3 goblins
  5 hobgoblins
  A quokka (D:1)
  2 ball pythons (D:1)
  3 bats (D:1)
  4 rats
23 creatures vanquished.

Notes
Turn   | Place    | Note
-------+----------+-------------------------------------------
     0 | D:1      | robertstho the Octopode Berserker began the quest for the
                  | Orb.
     0 | D:1      | Reached XP level 1. HP: 16/16 MP: 1/1
   451 | D:1      | Reached XP level 2. HP: 21/21 MP: 2/2
   668 | D:1      | Reached skill level 1 in Stealth
   793 | D:1      | Found a faded altar of an unknown god.
  1079 | D:2      | Reached XP level 3. HP: 26/26 MP: 3/3
  1094 | D:2      | HP: 1/26 [gnoll/+0 whip (10)]
  1095 | D:2      | Mangled by a gnoll

Illustrated notes

Levels and vault maps discovered:
D:1:      tarquinn_simple_flora_water_e, layout_basic, basic_ecumenical_altar
D:2:      layout_loops_cross, uniq_crazy_yiuf_cottage, uniq_robin

Skill      XL: |  1  2 |
---------------+-------+-----
Stealth        | 1 |  1.5
Fighting       | |  3.5
Short Blades   | |  3.2
Dodging        | |  3.2

Action                   || total
-------------------------++-------
Melee: Short sword       ||    42
       Constrict         ||     9
       Tentacles         ||     6
Invok: Berserk           ||     2
  Use: Scroll            ||     1
       Potion            ||     1
 Stab: Sleeping          ||     8
Armor: Skin              ||     2
Dodge: Dodged            ||    23

Table legend: (Time is in decaauts)
 A = Elapsed time spent in this place.
 B = Non-inter-level travel time spent in this place.
 C = Inter-level travel time spent in this place.
 D = Time resting spent in this place.
 E = Time spent auto-exploring this place.
 F = Levels seen in this place.
 G = Mean time per level.
                   A        B        C        D        E       F      G
               +--------+--------+--------+--------+--------+-----+--------+
         Total |   1098 |   1035 |     63 |    196 |    700 |   2 |  549.0 |
       Dungeon |   1098 |   1035 |     63 |    196 |    700 |   2 |  549.0 |
               +--------+--------+--------+--------+--------+-----+--------+

Top non-repeatable levels by time:
     D:1: 1078 daAuts
     D:2: 19 daAuts
